 Dungeon Crawl Stone Soup version 0.30.1-4-g462c640d31 (webtiles) character file.

Game seed: 2403516609162671606

2604 Logoto the Firebug (level 9, -10/69 HPs)
             Began as a Green Draconian Fire Elementalist on Aug 21, 2023.
             Mangled by a yak (13 damage)
             ... on level 7 of the Dungeon.
             The game lasted 00:22:39 (6697 turns).

Logoto the Firebug (DrFE)                           Turns: 6697, Time: 00:22:40

Health: -10/69     AC:  8    Str: 12    XL:     9   Next: 33%
Magic:  11/17      EV: 14    Int: 15    God:
Gold:   320        SH:  5    Dex: 19    Spells: 9/19 levels left

rFire   x . .        y - +7 spear of the Fray {freeze, rElec rF- Str-2 Dex+6}
rCold   . . .        t - orb {*Rage}
rNeg    . . .        (body armour unavailable)
rPois   +            (helmet restricted)
rElec   +            q - +0 cloak {rPois}
rCorr   .            (no gloves)
SInv    .            (no boots)
Will    +....        l - amulet of reflection
Stlth   +++          s - ring of wizardry
HPRegen 0.31/turn    w - ring of willpower
MPRegen 0.15/turn

%: random rage (20%), reflection, wizardry (x1)
@: on berserk cooldown, on blink cooldown, slowed, very slow
A: breathe noxious fumes, AC +7, unfitting armour, poison resistance,
cold-blooded
a: Breathe Noxious Fumes


You were on level 7 of the Dungeon.
You visited 2 branches of the dungeon, and saw 9 of its levels.

You collected 408 gold pieces.
You spent 88 gold pieces at shops.

Inventory:

Hand Weapons
 h - a +2 dagger of electrocution
 y - the +7 spear of the Fray (weapon) {freeze, rElec rF- Str-2 Dex+6}
   (You took it off a goblin on level 3 of the Dungeon)

   Str:       It affects your strength (-2).
   Dex:       It affects your dexterity (+6).
   rF:        It makes you vulnerable to fire.
   rElec:     It insulates you from electricity.
 G - a +4 battleaxe of freezing
 H - a +4 falchion
Armour
 q - a +0 cloak of poison resistance (worn)
 t - an orb of wrath (worn)
Jewellery
 l - an amulet of reflection (around neck)
 s - a ring of wizardry (left hand)
 v - a ring of flight
 w - a ring of willpower (right hand)
Wands
 o - a wand of charming (8)
 p - a wand of flame (8)
 z - a wand of mindburst (12)
 B - a wand of iceblast (3)
Scrolls
 c - 3 scrolls of fear
 g - 2 scrolls of magic mapping
 i - 2 scrolls of immolation {unknown}
 n - 4 scrolls of identify
 u - 3 scrolls of blinking
 x - a scroll of noise {unknown}
 C - 2 scrolls of poison {unknown}
 D - a scroll of enchant weapon {unknown}
 F - 4 scrolls of teleportation {unknown}
Potions
 a - 2 potions of magic
 b - 2 potions of heal wounds
 d - 4 potions of mutation
 e - 3 potions of attraction {unknown}
 f - 5 potions of haste
 j - 3 potions of curing
 k - a potion of invisibility {unknown}
 m - 2 potions of berserk rage
 r - a potion of ambrosia {unknown}
 A - 4 potions of flight
 E - 2 potions of might {unknown}
 I - a potion of lignification {unknown}


   Skills:
 + Level 3.0 Fighting
 + Level 2.9 Short Blades
 + Level 4.4 Polearms
 + Level 3.8 Dodging
 + Level 4.8 Stealth
 + Level 1.9 Shields
 + Level 0.3 Unarmed Combat
 + Level 5.6 Spellcasting
 + Level 3.7 Conjurations
 + Level 6.3 Fire Magic


You had 9 spell levels left.
You knew the following spells:

 Your Spells              Type           Power      Damage    Failure   Level
a - Foxfire               Conj/Fire      76%        2x1d7     1%          1
b - Scorch                Fire           46%        2d6       1%          2
c - Freeze                Ice            16%        1d4       6%          1
d - Blink                 Tloc           8%         N/A       10%         2
e - Flame Wave            Conj/Fire      19%        2d7       8%          4

Your spell library contained the following spells:

 Spells                   Type           Power      Damage    Failure   Level
 Shock                    Conj/Air       36%        1d5       2%          1
 Momentum Strike          Conj/Tloc      18%        3d8       4%          2
 Inner Flame              Hex/Fire       13%        N/A       5%          3
 Volatile Blastmotes      Fire/Tloc      26%        2d12      5%          3
 Sting                    Tmut/Pois      16%        1d3       6%          1
 Hailstorm                Conj/Ice       9%         3d4       9%          3
 Lesser Beckoning         Tloc           8%         N/A       10%         2
 Poisonous Vapours        Pois/Air       8%         N/A       10%         2
 Frozen Ramparts          Ice            8%         1d2       19%         3
 Summon Guardian Golem    Hex/Summ       4%         N/A       19%         3
 Swiftness                Air            4%         N/A       19%         3
 Airstrike                Air            2%         2d(1-17)  50%         4
 Olgreb's Toxic Radiance  Pois           4%         N/A       50%         4
 Orb of Destruction       Conj           7%         9d6       100%        7
 Spellforged Servitor     Conj/Summ      4%         N/A       100%        7
 Borgnjor's Revivificati  Necr           2%         N/A       100%        8
 Necromutation            Tmut/Necr      2%         N/A       100%        8
 Death's Door             Necr           2%         N/A       100%        9


Dungeon Overview and Level Annotations

Branches:
Dungeon (8/15)             Temple (1/1) D:5
   Lair: D:8-11

Altars:
Ashenzari
Cheibriados
Dithmenos
Elyvilon
Fedhas
Hepliaklqana
Kikubaaqudgha
Makhleb
Nemelex Xobeh
Okawaru
Ru
Sif Muna
Trog
Uskayaw
Vehumet
Wu Jian
Xom
Zin
The Shining One

Shops:
D:5 !

Portals:
Bailey: D:8


Innate Abilities, Weirdness & Mutations

You can breathe blasts of noxious fumes.
Your lurid green scales are hard. (AC +7)
You cannot fit into any form of body armour.
Your system is resistant to poisons. (rPois)
You are cold-blooded and may be slowed by cold attacks.


Message History

The yak attacks as you move away! The yak closely misses you.
There's a creature in the doorway!
There's a creature in the doorway!
A red film seems to cover your vision as you go berserk!
You feel yourself moving faster!
You feel mighty!
You puncture the yak! You freeze the yak.
The yak is almost dead.
The yak gores you!
* * * LOW HITPOINT WARNING * * *
You closely miss the yak. You tail-slap the yak.
You kill the yak!
Your Fighting skill increases to level 3!
You slam the door shut with a bang, pushing everything out of the way!
You start resting.
You feel a strong urge to attack something.
You start resting.
You feel your anger nearly subside.
You are no longer berserk.
You are exhausted.
You feel yourself slow down.
You start resting.
There are monsters nearby!
You open the door. You block the yak's attack.
The yak attacks as you move away! The yak misses you.
The yak closely misses you.
There is an open door here.
You hit the yak. You freeze the yak.
The yak is moderately wounded.
You block the yak's attack. The yak gores you!
* * * LOW HITPOINT WARNING * * *
Casting: Flame Wave (dangerous; 8% risk of failure)
Confirm with . or Enter, or press ? or * to list all spells.
You blink.
Casting: Blink (safe; 10% risk of failure)
Confirm with . or Enter, or press ? or * to list all spells.
You are still too unstable to blink.
The yak attacks as you move away! The yak barely misses you.
The yak attacks as you move away! The yak barely misses you.
The yak misses you. The yak completely misses you.
The yak attacks as you move away! The yak gores you!
You die...

###...###....###...##...#.......#
..#...##########...##...#.......#
..+...[+................#....[..#
..#....#................+.......#
..#....#................#.......#
..#....##....##.........#.......#
..#....##....##....##...#.......+
..+..........##....##...#.......#
..#'#####.....#.@..'.....#######.
........#.....#.YY.##'##.# #.
........#.....#....##...## #.
........#.....#...†'.....# #.
....[...#....##....##....# #.
##......#....##....##....# #.
#......#....##....##...########.
#......#######....##...#......##
#......#...........#...'......#


You could see 2 yaks.

Vanquished Creatures
  Pikel (D:4)
  Sigmund (D:2)
  A yak (D:7)
  A water moccasin (D:7)
  2 ice beasts
  A sky beast (D:7)
  A black bear (D:4)
  2 ogres
  A phantom (D:7)
  2 lemures
  2 bullfrogs
  2 scorpions
  3 wights (D:6)
  2 hounds
  2 orc priests
  3 jellies
  Crazy Yiuf (D:2)
  3 sleepcaps (D:6)
  Jessica (D:2)
  5 iguanas
  2 orc wizards
  8 adders
  4 white imps
  An ufetubus (D:5)
  4 worms
  23 orcs
  9 endoplasms
  2 giant cockroaches
  7 goblins
  9 hobgoblins
  6 kobolds
  7 quokkas
  3 ball pythons
  12 bats
  7 frilled lizards
  3 rats
144 creatures vanquished.

Vanquished Creatures (others)
  150 foxfires
150 creatures vanquished.

Grand Total: 294 creatures vanquished

Notes
Turn   | Place    | Note
-------+----------+-------------------------------------------
     0 | D:1      | Logoto the Draconian Fire Elementalist began the quest for
                  | the Orb.
     0 | D:1      | Reached XP level 1. HP: 14/14 MP: 3/3
   400 | D:1      | Reached XP level 2. HP: 20/20 MP: 0/5
   509 | D:1      | Learned a level 2 spell: Scorch
   956 | D:2      | Reached XP level 3. HP: 26/26 MP: 3/6
  1107 | D:2      | Found a bloodstained altar of Trog.
  1120 | D:2      | Noticed Jessica
  1124 | D:2      | Killed Jessica
  1170 | D:2      | Reached XP level 4. HP: 33/33 MP: 4/7
  1323 | D:2      | Reached skill level 1 in Short Blades
  1468 | D:2      | Noticed Sigmund
  1536 | D:2      | Killed Sigmund
  1537 | D:2      | Reached skill level 4 in Fire Magic
  1537 | D:2      | Reached XP level 5. HP: 39/39 MP: 5/9
  1604 | D:2      | Found a runed translucent door.
  1605 | D:2      | Noticed Crazy Yiuf
  1909 | D:2      | Killed Crazy Yiuf
  1910 | D:2      | Reached XP level 6. HP: 46/46 MP: 5/10
  2046 | D:3      | Found a faded altar of an unknown god.
  2269 | D:3      | Found a white marble altar of Elyvilon.
  2446 | D:3      | Found a blossoming altar of Fedhas.
  2533 | D:3      | Identified the +7 spear of the Fray {freeze, rElec rF-
                  | Str-2 Dex+6}
  2752 | D:4      | Found an ornate altar of the Wu Jian Council.
  2753 | D:4      | Found a broken altar of Ashenzari.
  2887 | D:4      | Reached skill level 1 in Fighting
  3178 | D:4      | Your scales start taking on a lurid green colour.
  3178 | D:4      | Reached XP level 7. HP: 52/52 MP: 10/12
  3178 | D:4      | Gained mutation: Your system is resistant to poisons.
                  | (rPois) [Green Draconian growth]
  3180 | D:4      | Learned a level 1 spell: Freeze
  3183 | D:4      | Learned a level 2 spell: Blink
  3188 | D:4      | Learned a level 4 spell: Flame Wave
  3423 | D:5      | Entered Level 5 of the Dungeon
  3440 | D:5      | Reached skill level 1 in Polearms
  3576 | D:5      | Found a burning altar of Makhleb.
  3686 | D:5      | Reached skill level 1 in Shields
  3747 | D:5      | Found Laugug's Distillery.
  3750 | D:5      | Bought a potion of heal wounds for 55 gold pieces
  3750 | D:5      | Bought a potion of curing for 33 gold pieces
  3843 | D:5      | Found an ancient bone altar of Kikubaaqudgha.
  4296 | D:5      | Noticed Pikel
  4366 | D:4      | Killed Pikel
  4367 | D:4      | Reached skill level 5 in Fire Magic
  4367 | D:4      | Reached XP level 8. HP: 61/61 MP: 12/14
  4564 | D:5      | Found a staircase to the Ecumenical Temple.
  4573 | Temple   | Entered the Ecumenical Temple
  4983 | D:6      | Found a shimmering altar of Xom.
  5303 | D:6      | Reached skill level 5 in Spellcasting
  5656 | D:6      | Found a snail-covered altar of Cheibriados.
  5657 | D:6      | Found a sparkling altar of Nemelex Xobeh.
  5662 | D:6      | Found a glowing golden altar of the Shining One.
  5669 | D:6      | Reached skill level 6 in Fire Magic
  5861 | D:7      | Reached XP level 9. HP: 68/68 MP: 12/16
  5900 | D:7      | Found a bloodstained altar of Trog.
  6336 | D:7      | Found a shadowy altar of Dithmenos.
  6665 | D:8      | Found a flagged portal.
  6694 | D:7      | HP: 2/69 [yak (10)]
  6697 | D:7      | Mangled by a yak

Illustrated notes

Levels and vault maps discovered:
D:1:      onia_arrival_mini_spirals, layout_basic
D:2:      layout_rooms, basic_altar, chequers_big_river,
          corexii_leaking_fountain, serial_bayou_lake_a, uniq_sigmund,
          uniq_jessica, uniq_crazy_yiuf_cottage
D:3:      layout_basic, fedhas_altar_fruit_tree, elyvilon_altar_1,
          basic_ecumenical_altar
D:4:      layout_loops_corners, nicolae_overflow_two_pavilions, st_stairs_9
D:5:      layout_gridville, mainiacjoe_overflow_brackets,
          mainiacjoe_overflow_small_starburst,
          minmay_temple_entry_statues_pillars, serial_shops,
          nicolae_shop_tiny_real_fake_doors, hangedman_decor_lopped, uniq_pikel
D:6:      layout_basic, mainiacjoe_overflow_paths,
          gammafunk_temple_overflow_forgotten
D:7:      layout_gridville, grunt_dithmenos_shadows,
          mainiacjoe_overflow_boulevard
D:8:      layout_basic, nicolae_yredelemnul_ghost_church,
          nicolae_gozag_cash_rules_everything_around_me, enter_bailey_6,
          uniq_maggie, uniq_gastronok
Temple:   hellmonk_temple_of_storms

Skill      XL: |  1  2  3  4  5  6  7  8  9 |
---------------+----------------------------+-----
Dodging        | 2 3 |  3.8
Stealth        | 2 3 4 |  4.8
Short Blades   | 1 2 |  2.9
Spellcasting   | 3 4 5 |  5.6
Conjurations   | 2 3 |  3.7
Fire Magic     | 4 5 6 |  6.3
Fighting       | 1 2 3 |  3.0
Polearms       | 2 3 4 |  4.4
Shields        | 1 |  1.9
Unarmed Combat | |  0.3

Action                     |  1- 3 |  4- 6 |  7- 9 || total
---------------------------+-------+-------+-------++-------
  Melee: Unarmed           |    15 |       |       ||    15
         Tailslap          |     6 |     9 |    20 ||    35
         Dagger            |    37 |    72 |       ||   109
         Spear             |       |    23 |   141 ||   164
   Cast: Foxfire           |    31 |    16 |    47 ||    94
         Scorch            |     2 |     7 |    20 ||    29
         Flame Wave        |       |       |     2 ||     2
         Blink             |       |       |     1 ||     1
    Use: Potion            |       |       |     2 ||     2
         Scroll            |       |       |     7 ||     7
   Stab: Sleeping          |       |     6 |     7 ||    13
         Distracted        |       |       |     1 ||     1
 Armour: Skin              |    31 |    19 |    35 ||    85
  Dodge: Dodged            |    63 |    45 |    83 ||   191
  Block: Other             |       |    11 |       ||    11
         Orb               |       |    13 |    27 ||    40
